 Dungeon Crawl Stone Soup version 0.31-a0-667-g39726597b9 (webtiles) character file.

Game seed: 4004845228696584433

11 Bravepunisher the Ducker (level 2, 0/16 HPs)
             Began as a Spriggan Monk on Sept 3, 2023.
             Succumbed to an adder's poison
             ... on level 5 of the Dungeon.
             The game lasted 00:02:28 (394 turns).

Bravepunisher the Ducker (Spriggan Monk)             Turns: 394, Time: 00:02:29

Health: 0/16       AC:  2    Str:  7    XL:     2   Next: 13%
Magic:  3/3        EV: 20    Int: 11    God:
Gold:   46         SH:  0    Dex: 23    Spells: 1/1 levels left

rFire   . . .        a - +0 short sword
rCold   . . .        d - orb {light}
rNeg    . . .        b - +0 robe
rPois   .            (helmet restricted)
rElec   .            (no cloak)
rCorr   .            (gloves unavailable)
SInv    +            (boots unavailable)
Will    .....        (no amulet)
Stlth   +            k - +6 ring of dexterity
HPRegen 0.22/turn    f - ring of flight
MPRegen 0.08/turn

%: no passive effects
@: lethally poisoned (0 -> -3), flying, glowing, very quick
A: very small, no large weapons, unfitting armour, see invisible, speed 3
a: no special abilities


You were on level 5 of the Dungeon.
You visited 1 branch of the dungeon, and saw 5 of its levels.

You collected 46 gold pieces.

Inventory:

Hand Weapons
 a - a +0 short sword (weapon)
Armour
 b - a +0 robe (worn)
 d - an orb of light (worn)
Jewellery
 f - a ring of flight (right hand)
 i - a ring of wizardry
 k - a +6 ring of dexterity (left hand)
Scrolls
 e - a scroll of teleportation {unknown}
Potions
 c - a potion of ambrosia
 g - a potion of magic {unknown}
 h - 2 potions of berserk rage {unknown}
 j - a potion of haste {unknown}


   Skills:
 + Level 2.6 Fighting
 - Level 3.2 Short Blades
 * Level 4.6 Dodging


You had one spell level left.
You didn't know any spells.
Your spell library was empty.

Dungeon Overview and Level Annotations

Branches:
Dungeon (5/15)
 Temple: D:4-7

Altars:

Annotations:
D:2 Terence


Innate Abilities, Weirdness & Mutations

You are very small and have problems with some larger weapons.
You are too small for most types of armour.
You have supernaturally acute eyesight. (SInv)
You cover ground extremely quickly. (Speed+++)


Message History

Found a stone staircase leading down.
The hound barks!
k - a +6 ring of dexterity
There are no items here.
You're wearing all the rings you can.
Remove which one? (? for menu, Esc to cancel) < or
i - a ring of wizardry; > or
f - a ring of flight You remove your ring of wizardry.
You feel agile.
k - a +6 ring of dexterity (left hand) Unknown command.
A hound comes into view.
Found a war axe.
The hound barks!
Found a glowing sapphire potion.
A water moccasin comes into view.
Found a thin jewelled staff.
Found a scroll labelled CIN BUFYCEF.
An orc comes into view. It is wielding a +0 club.
The orc shouts!
You hear an angry hiss.
You hear a shout!
The hound attacks as it pursues you! The hound bites you.
An adder comes into view.
An adder comes into view.
The adder hisses angrily.
A centaur comes into view.
The centaur shouts!
A centaur comes into view.
The centaur shouts!
A quokka comes into view.
The centaur wields a +0 shortbow.
The centaur shoots an arrow.
The arrow hits you!
Ouch! That really hurt!
Found 5 stones.
The adder attacks as it pursues you! The adder bites you.
* * * LOW HITPOINT WARNING * * *
You are lethally poisoned!
The adder poisons you!
* * * LOW HITPOINT WARNING * * *
You feel sick.
You die...

#...#.# ... ..
......###.# ..#S##
.. # .
........##.##......
#### ..#
....#...r.....#.#
... ....##....S.#
#..... #.####
#......#c#.# #.#.#
#.....
#.S.c..###...# ...#
#.#...ho....# .#
#@###...#...# .##
#.# ##......##
..### #.#
###.....#####
....##. ..#
#.........# ..#....
### #........##..
.....##
#.#....#.....
......#
...#....###...
..##$.# ###
#....##.... ..# ...
##.#.##.##.


You could see an adder.

Vanquished Creatures
  2 dart slugs
  An endoplasm (D:4)
  A giant cockroach (D:4)
  A ball python (D:4)
  A bat (D:1)
  2 rats (D:1)
8 creatures vanquished.

Notes
Turn   | Place    | Note
-------+----------+-------------------------------------------
     0 | D:1      | Bravepunisher the Spriggan Monk began the quest for the
                  | Orb.
     0 | D:1      | Reached XP level 1. HP: 11/11 MP: 2/2
    64 | D:2      | Noticed Terence
   269 | D:5      | Entered Level 5 of the Dungeon
   291 | D:4      | Reached XP level 2. HP: 16/16 MP: 3/3
   351 | D:5      | Noticed a water moccasin
   388 | D:5      | Noticed a centaur
   389 | D:5      | Noticed a centaur
   394 | D:5      | Succumbed to an adder's poison

Illustrated notes

Levels and vault maps discovered:
D:1:      ncdulo_watergridlock, layout_rooms, nicolae_figureground_pulse
D:2:      layout_rooms, chequers_ecumenical_altar_island, moated_statue,
          uniq_crazy_yiuf_cottage, uniq_natasha, uniq_terence
D:3:      layout_loops_cross, nicolae_dithmenos_shadow_blocks,
          mainiacjoe_overflow_alcove_1, mainiacjoe_overflow_alcove_2
D:4:      layout_loops_ring, mainiacjoe_overflow_cross_hatched,
          lemuel_doored_altar, eino_tiny_chamber, uniq_eustachio, uniq_ijyb,
          uniq_menkaure
D:5:      layout_rooms, minmay_fractal_squares_5

Action                     || total
---------------------------++-------
  Melee: Short sword       ||    31
 Armour: Robe              ||    19
  Dodge: Dodged            ||    48

Table legend: (Time is in decaauts)
 A = Elapsed time spent in this place.
 B = Non-inter-level travel time spent in this place.
 C = Inter-level travel time spent in this place.
 D = Time resting spent in this place.
 E = Time spent auto-exploring this place.
 F = Levels seen in this place.
 G = Mean time per level.
                   A        B        C        D        E       F      G
               +--------+--------+--------+--------+--------+-----+--------+
         Total |    266 |    266 |      0 |     28 |     41 |   5 |   53.2 |
       Dungeon |    266 |    266 |      0 |     28 |     41 |   5 |   53.2 |
               +--------+--------+--------+--------+--------+-----+--------+

Top non-repeatable levels by time:
     D:3: 110 daAuts
     D:4: 64 daAuts
     D:1: 43 daAuts
     D:5: 42 daAuts
     D:2: 4 daAuts
